[Event "*** Titled Tuesday Blitz"]
[Site "Chess.com"]
[Date "2020.02.04"]
[Round "8"]
[White "PIwan"]
[Black "Kobalia"]
[Result "1-0"]
[WhiteElo "2534"]
[BlackElo "2631"]
[TimeControl "180+2"]
[EndTime "10:56:10 PST"]
[Termination "PIwan won by resignation"]

1. c4 c6 2. e4 d5 3. exd5 cxd5 4. cxd5 Nf6 5. Nc3 Nxd5 6. Nf3 Nc6 7. d4 Bg4 8. Qb3 Bxf3 9. gxf3 Nb6 10. d5 Ne5 11. Bb5+ Ned7 12. O-O a6 13. Bxd7+ Nxd7 14. Qxb7 Qc8 15. Qxc8+ Rxc8 16. Re1 g6 17. Bg5 f6 18.
Bf4 g5 19. Bg3 h5 20. h3 f5 21. Be5 Rh6 22. Bd4 Kf7 23. Rad1 Rg6 24. Kf1 Nc5 25. Re5 Rf6 26. f4 gxf4 27. Ne2 Nd7 28. Re6 Rxe6 29. dxe6+ Kxe6 30. Nxf4+ Kf7 31. Nxh5 Rc2 32. Bc3 Ke8 33.
Nf4 Nb6 34. Ne6 Kf7 35. Nd4 1-0

[Event "*** Titled Tuesday Blitz"]
[Site "Chess.com"]
[Date "2020.02.04"]
[Round "8"]
[White "DishonorOnYourCow"]
[Black "tan275"]
[Result "1-0"]
[WhiteElo "2224"]
[BlackElo "2136"]
[TimeControl "180+2"]
[EndTime "10:56:11 PST"]
[Termination "DishonorOnYourCow won by resignation"]

1. d4 d5 2. c4 e6 3. Nc3 Nf6 4. cxd5 exd5 5. Bg5 Be7 6. e3 c6 7. Bd3 Nbd7 8. Qc2 g6 9. Nge2 Nf8 10. f3 Ne6 11. Bh4 Ng7 12. O-O O-O 13. Rad1 Re8 14.
Kh1 a5 15. Bf2 Bb4 16. e4 dxe4 17. fxe4 Ng4 18. Bg1 Qg5 19. a3 Bxc3 20. Nxc3 Nh5 21.
Rf3 Nf4 22. Qd2 Ne6 23. h3 Qh5 24. Rg3 Ng5 25. Qf4 Nxh3 26. Rxh3 Nf2+ 27. Qxf2 Bxh3 28. gxh3 Qxd1 29. Nxd1 1-0

[Event "*** Titled Tuesday Blitz"]
[Site "Chess.com"]
[Date "2020.02.04"]
[Round "8"]
[White "EugeneRougon"]
[Black "FedaMaster"]
[Result "1-0"]
[WhiteElo "2737"]
[BlackElo "2605"]
[TimeControl "180+2"]
[EndTime "10:56:19 PST"]
[Termination "EugeneRougon won on time"]

1. e4 c5 2. Nf3 d6 3. d4 cxd4 4. Nxd4 Nf6 5. Nc3 g6 6. Be2 Bg7 7. O-O O-O 8. Re1 Nc6 9. Nb3 a5 10. Bb5 Be6 11. Bg5 Rc8 12. Nd5 Nb4 13. Bxf6 exf6 14. c3 Bxd5 15. exd5 Na6 16. Bxa6 bxa6 17. Nd4 Qb6 18. Nc6 Rce8 19. Qb3 Qc5 20. Qa4 Rxe1+ 21. Rxe1 f5 22. Qxa5 Qxa5 23. Nxa5 Rb8 24. Nc4 Rb5 25.
Rd1 Bf8 26. b4 Rb8 27. Na5 Re8 28. Nc6 Re2 29. a4 Rc2 30. Rb1 Rxc3 31. b5 axb5 32.
axb5 1-0

[Event "*** Titled Tuesday Blitz"]
[Site "Chess.com"]
[Date "2020.02.04"]
[Round "8"]
[White "Abund"]
[Black "DonPreuss"]
[Result "1-0"]
[WhiteElo "2744"]
[BlackElo "2207"]
[TimeControl "180+2"]
[EndTime "10:56:25 PST"]
[Termination "Abund won on time"]

1. Nf3 Nc6 2. d4 d6 3. d5 Ne5 4. Nxe5 dxe5 5. e4 g6 6. Bb5+ Bd7 7. Qe2 Bg7 8. O-O Nf6 9. c4 O-O 10. Bxd7 Nxd7 11. Nc3 f5 12. f3 f4 13. g3 g5 14. g4 h5 15. h3 hxg4 16. hxg4 c6 17. Kg2 Kf7 18. Bd2 Rh8 19. Rh1 Qb6 20. Na4 Qa6 21. b3 b5 22. dxc6 bxa4 23. cxd7 Rhd8 24. Qd3 e6 25. Rad1 Qc6 26. Bc3 axb3 27. axb3 Rab8 28. Rh7 Kg8 29. Rxg7+ Kxg7 30. Bxe5+ Kf7 31. Bxb8 Qb6 32. Be5 Qa6 33. Bb2 Qa2 34. Qd4 1-0

[Event "*** Titled Tuesday Blitz"]
[Site "Chess.com"]
[Date "2020.02.04"]
[Round "8"]
[White "Colombiano07"]
[Black "RojonR"]
[Result "1-0"]
[WhiteElo "2290"]
[BlackElo "2422"]
[TimeControl "180+2"]
[EndTime "10:56:42 PST"]
[Termination "Colombiano07 won by checkmate"]

1. e4 e5 2. Nf3 Nc6 3. Bb5 Bc5 4. O-O Nf6 5. Nxe5 Nxe4 6. Qg4 Nxe5 7. Qxe4 Qe7 8. d4 Nc6 9. Qxe7+ Bxe7 10. c3 O-O 11.
Re1 Bf6 12. Bf4 d6 13. Nd2 g6 14. Ne4 Bg7 15. Re2 Bf5 16. Rae1 a6 17. Ba4 h6 18. h3 g5 19. Bc1 Kh7 20. h4 g4 21. Bc2 Kh8 22. h5 Bh7 23. Ng3 f5 24.
Bf4 b5 25. Re6 b4 26. Bxh6 bxc3 27. Bxg7+ Kxg7 28. h6+ Kh8 29. bxc3 Rab8 30. Nh5 Rb2 31. Rf6 Rxf6 32. Re8+ Bg8 33. Nxf6 Rb8 34. Rxb8 Nxb8 35. Nxg8 Kxg8 36. Bxf5 g3 37. fxg3 Nc6 38. g4 Ne7 39. Bd3 Kh8 40. g5 Nd5 41. g6 Nxc3 42. g7+ Kg8 43.
Bf5 Ne2+ 44. Kf2 Nxd4 45. Bd3 d5 46. Ke3 Ne6 47. Bf5 Ng5 48. Kf4 Nf7 49. Be6 d4 50. Kf5 Kh7 51. Bxf7 Kxh6 52. g8=Q d3 53. Qg6# 1-0

[Event "*** Titled Tuesday Blitz"]
[Site "Chess.com"]
[Date "2020.02.04"]
[Round "8"]
[White "malandragem"]
[Black "Bulldog167"]
[Result "1-0"]
[WhiteElo "2321"]
[BlackElo "2692"]
[TimeControl "180+2"]
[EndTime "10:56:50 PST"]
[Termination "malandragem won by checkmate"]

1. e4 c5 2. Nf3 d6 3. d4 cxd4 4.
Nxd4 Nf6 5. Nc3 a6 6. h3 e6 7. g4 h6 8. f4 b5 9. a3 Bb7 10. Bg2 Nbd7 11. O-O Qc7 12. Qe2 Be7 13. Be3 O-O 14. h4 Qc4 15. Qd1 Nc5 16. e5 dxe5 17.
fxe5 Nd5 18. Nxd5 Bxd5 19. Rf4 Bxg2 20. Nf5 exf5 21. Rxc4 bxc4 22. gxf5 Rfd8 23. Qg4 Bb7 24. Bxh6 Bf8 25. Rf1 Ne4 26. Bxg7 Bc5+ 27. Kh2 Rd2+ 28. Kh3 Ng5+ 29. Qxg5 Bg2+ 30. Kg4 Rd4+ 31. Kh5 f6 32.
Bxf6+ Kf7 33. Qg7+ Ke8 34. Qg6+ Kd7 35. Qxg2 Re8 36.
Qb7# 1-0

[Event "*** Titled Tuesday Blitz"]
[Site "Chess.com"]
[Date "2020.02.04"]
[Round "8"]
[White "MFBerna"]
[Black "gurelediz"]
[Result "1-0"]
[WhiteElo "2342"]
[BlackElo "2493"]
[TimeControl "180+2"]
[EndTime "10:56:50 PST"]
[Termination "MFBerna won by resignation"]

1. d4 Nf6 2. Nf3 e6 3. c4 b6 4. g3 Bb7 5. Bg2 Be7 6. O-O O-O 7. Nc3 c5 8. d5 exd5 9. cxd5 d6 10. e4 a6 11. a4 Nbd7 12. Nd2 Rb8 13. Nc4 Re8 14.
f4 Bf8 15. Kh1 Ba8 16. e5 dxe5 17. fxe5 Nxe5 18. Nxe5 Rxe5 19. Bf4 Bd6 20. Bxe5 Bxe5 21. Qd2 b5 22. axb5 axb5 23. Ra7 b4 24. Na4 Nxd5 25. Rxa8 Rxa8 26. Bxd5 Bd4 27. Bxf7+ Kh8 28. b3 Ra6 29. Qg2 g6 30. Bc4 Ra7 31. Qh3 Qe8 32. Nb6 Qc6+ 33. Nd5 Kg7 34. Qg2 Rd7 35. Qf3 Qd6 36. Nf4 Re7 37. Ne6+ Kh6 38. Qf8+ Kh5 39. Nf4+ Kg5 40. Nh3+ Kh5 41. Be2+ 1-0

[Event "*** Titled Tuesday Blitz"]
[Site "Chess.com"]
[Date "2020.02.04"]
[Round "8"]
[White "AtabayevSaparmyrat"]
[Black "vlad_Sid"]
[Result "1/2-1/2"]
[WhiteElo "2801"]
[BlackElo "2712"]
[TimeControl "180+2"]
[EndTime "10:56:57 PST"]
[Termination "Game drawn by repetition"]

1. e4 c6 2. d4 d5 3. Nc3 dxe4 4. Nxe4 Nf6 5. Ng3 h5 6. h4 Bg4 7. Be2 e6 8. Bg5 Nbd7 9. c3 Be7 10. Qd2 Rc8 11. f3 Bf5 12. Nxf5 exf5 13. Nh3 Nd5 14. O-O-O N7f6 15. Bd3 g6 16. Rhe1 O-O 17. Nf4 Nxf4 18.
Bxf4 Nd5 19. Bh6 Re8 20. g3 Bf8 21. Bxf8 Rxe1 22. Rxe1 Qxf8 23. g4 fxg4 24. fxg4 hxg4 25. h5 Re8 26. hxg6 Rxe1+ 27. Qxe1 Qh6+ 28. Kc2 fxg6 29. Qe6+ Kh7 30. Kb3 Qg5 31. Qf7+ Kh6 32. Qf8+ Kh5 33. Qh8+ Qh6 34. Qe5+ Qg5 35. Qh8+ Qh6 36. Qe5+ Kh4 37. Qh2+ Kg5 38. Qe5+ Kh4 39. Qh2+ Kg5 40. Qe5+ Kh4 1/2-1/2

[Event "*** Titled Tuesday Blitz"]
[Site "Chess.com"]
[Date "2020.02.04"]
[Round "8"]
[White "GMHellers"]
[Black "guillembaches"]
[Result "1-0"]
[WhiteElo "2509"]
[BlackElo "2339"]
[TimeControl "180+2"]
[EndTime "10:56:57 PST"]
[Termination "GMHellers won by resignation"]

1. e4 c5 2. Nf3 d6 3. Bb5+ Bd7 4.
Bxd7+ Qxd7 5. c4 e5 6. Nc3 Nc6 7. d3 Be7 8. O-O Bd8 9. a3 a5 10. Rb1 Nge7 11. Ne1 O-O 12. Nc2 Nd4 13. Ne3 f5 14.
exf5 Ndxf5 15. Nxf5 Rxf5 16. Be3 b6 17. b4 axb4 18. axb4 Bc7 19. Qg4 Raf8 20. Bg5 Bd8 21. Bxe7 Bxe7 22. bxc5 bxc5 23. Qe4 Bg5 24. Rb7 Qe6 25.
Qd5 Qxd5 26. Nxd5 R5f7 27. Rb6 Rd7 28. f3 Ra8 29. Rfb1 h5 30. Rb8+ Rxb8 31. Rxb8+ Kf7 32. g3 h4 33. Kg2 hxg3 34. hxg3 Ra7 35. Kh3 Bf6 36. Rb3 Ra2 37. Kg4 Rf2 38. Rb7+ Kg6 39.
Rb6 e4 40. dxe4 Be5 41. f4 1-0

[Event "*** Titled Tuesday Blitz"]
[Site "Chess.com"]
[Date "2020.02.04"]
[Round "8"]
[White "AwareIdea"]
[Black "IAgrest"]
[Result "1-0"]
[WhiteElo "2430"]
[BlackElo "2172"]
[TimeControl "180+2"]
[EndTime "10:56:59 PST"]
[Termination "AwareIdea won by checkmate"]

1. c4 g6 2. Nc3 Bg7 3. d4 Nf6 4. e4 d6 5. Nf3 O-O 6. h3 Na6 7. Be3 e5 8. d5 Nd7 9. g4 Ndc5 10.
Nd2 f5 11. Be2 f4 12. Bxc5 Nxc5 13. Nf3 c6 14. Qc2 cxd5 15. cxd5 a5 16. Nd2 Bd7 17. Bb5 Rc8 18. Bxd7 Qxd7 19. Nc4 Qd8 20. f3 Bf6 21. Kf1 Bh4 22. Nb5 Rf6 23. Rc1 Bg3 24. g5 Rf8 25. Nbxd6 Qxg5 26. Nxc8 Rxc8 27. Nb6 Rc7 28. d6 Rc6 29. d7 Kg7 30. Rd1 Ne6 31. Qb3 Nd4 32.
Qd5 Bh4 33. Rg1 Qh5 34. Rg4 Bd8 35. h4 Bxb6 36. d8=Q Bxd8 37. Qxd8 Rc2 38. Qe7+ Kh6 39. Qf8# 1-0

[Event "*** Titled Tuesday Blitz"]
[Site "Chess.com"]
[Date "2020.02.04"]
[Round "8"]
[White "cancrushyou"]
[Black "Sjakkerntobi"]
[Result "1-0"]
[WhiteElo "2481"]
[BlackElo "2273"]
[TimeControl "180+2"]
[EndTime "10:57:01 PST"]
[Termination "cancrushyou won by checkmate"]

1. d4 Nf6 2. c4 e6 3. g3 Bb4+ 4. Bd2 Qe7 5. Bg2 O-O 6. e3 Bxd2+ 7. Nxd2 d6 8. Ne2 e5 9. O-O Nc6 10. d5 Nb8 11. Nc3 a5 12. a3 Na6 13. b4 Bg4 14. f3 Bd7 15. Qb3 Ne8 16. e4 g6 17.
Rab1 Ng7 18. Qc2 f5 19. f4 fxe4 20. Ndxe4 exf4 21. gxf4 Bf5 22. Qb2 axb4 23. axb4 Qh4 24. Rbe1 Rae8 25. Ng3 Bd3 26. Rxe8 Rxe8 27. Rf3 Bxc4 28.
Qd2 Nh5 29. Nce4 Nxg3 30. hxg3 Qd8 31. Qd4 b5 32. Nf6+ Kf7 33. Nxe8 Qxe8 34. Re3 Qd7 35. Qh8 Nc5 36. Qxh7+ Kf6 37. Qh4+ Kg7 38. Re7+ Qxe7 39. Qxe7+ Kh6 40. g4 Bd3 41. g5+ Kh5 42.
Bf3+ Kh4 43. Kg2 Bf1+ 44. Kxf1 Kg3 45. bxc5 dxc5 46. Qxc7 c4 47. d6 b4 48. d7 c3 49.
d8=Q c2 50. f5+ Kxf3 51. Qd3+ Kg4 52. Qcg3+ Kh5 53. Qdf3# 1-0

[Event "*** Titled Tuesday Blitz"]
[Site "Chess.com"]
[Date "2020.02.04"]
[Round "8"]
[White "Andrei_Belozerov"]
[Black "GMSrinath"]
[Result "0-1"]
[WhiteElo "2640"]
[BlackElo "2970"]
[TimeControl "180+2"]
[EndTime "10:57:03 PST"]
[Termination "GMSrinath won by checkmate"]

1. e4 c5 2. Nf3 d6 3. d4 cxd4 4.
Nxd4 Nf6 5. Nc3 Nc6 6. f3 e5 7. Nb3 Be7 8. Be3 Be6 9. Qe2 O-O 10. O-O-O Qc8 11. g4 a5 12. Na4 Nd7 13. Kb1 Rb8 14.
Nc3 b5 15. Nd5 Bd8 16. g5 a4 17. Nd2 a3 18. b3 Nd4 19. Bxd4 exd4 20. Qd3 Bxd5 21.
exd5 Ne5 22. Qxd4 Bb6 23. Qa1 Qc7 24. f4 Ng4 25. Bd3 Nf2 26. Ne4 Nxh1 27. Rxh1 Rbc8 28. h4 Rfe8 29. h5 Qa7 30. h6 Bd4 31. c3 Rxe4 32. Bxe4 Bxc3 33. Rc1 Qe3 34. Bf5 Rc5 35. b4 Bb2 36.
Bxh7+ Kxh7 37. bxc5 Qxc1# 0-1

[Event "*** Titled Tuesday Blitz"]
[Site "Chess.com"]
[Date "2020.02.04"]
[Round "8"]
[White "hypert"]
[Black "manmanlai1"]
[Result "1-0"]
[WhiteElo "2459"]
[BlackElo "2283"]
[TimeControl "180+2"]
[EndTime "10:57:03 PST"]
[Termination "hypert won by resignation"]

1. e4 c6 2. Nf3 d5 3. Nc3 dxe4 4. Nxe4 Nf6 5. Qe2 Nxe4 6. Qxe4 Nd7 7. d4 Nf6 8. Qh4 Bf5 9. c3 e6 10. Bg5 Be7 11.
Be2 h6 12. O-O O-O 13. Bxf6 Bxf6 14. Qf4 Qa5 15. Rfd1 Rfd8 16. Bd3 Bxd3 17. Rxd3 c5 18. Qd2 cxd4 19. Nxd4 Rd7 20. Nb3 Rxd3 21. Qxd3 Qc7 22. Qf3 a5 23. Nd2 Qb6 24. Rb1 Rd8 25. Ne4 Be5 26. Qe2 a4 27. a3 g6 28. g3 Bg7 29.
Qc4 Qa5 30. h4 b5 31. Qc6 Rd5 32. Qe8+ Kh7 33. Qxf7 Rf5 34. Qxe6 Qc7 35. Rd1 Qf7 36. Qxf7 Rxf7 37. Rd5 Rb7 38. f4 b4 39. axb4 Re7 40.
Nc5 a3 41. bxa3 Re3 42. Rd3 Re2 43. a4 1-0

[Event "*** Titled Tuesday Blitz"]
[Site "Chess.com"]
[Date "2020.02.04"]
[Round "8"]
[White "Everyfishknows"]
[Black "M1711"]
[Result "0-1"]
[WhiteElo "2309"]
[BlackElo "2506"]
[TimeControl "180+2"]
[EndTime "10:57:03 PST"]
[Termination "M1711 won by resignation"]

1. Nf3 a6 2. e4 h6 3. d4 e6 4. Bd3 d6 5. O-O Nc6 6. c3 Bd7 7. Re1 e5 8. Nbd2 Nf6 9. Nf1 Be7 10. Ng3 O-O 11. h3 Qc8 12. dxe5 dxe5 13. Nh4 Bxh3 14.
gxh3 Qxh3 15. Nhf5 Ng4 16. Qf3 Bc5 17. Be3 Nxe3 18.
Nxe3 Rad8 19. Rad1 Ne7 20. Qg4 Qxg4 21. Nxg4 Ng6 22. Nf5 Nf4 23. Bc4 h5 24. Nge3 g6 25. Nh6+ Kg7 26. Rxd8 Rxd8 27. Nxf7 Rd2 28. Nxe5 Nh3+ 29.
Kg2 Nxf2 30. Nf1 Rxb2 31. Re2 Rxe2 32. Bxe2 Nxe4 33. c4 Bd6 34. Bd3 Nc5 35. Bxg6 Bxe5 36. Bxh5 Bf4 37. Kf3 Bh6 38. Bg4 Kf6 39. Ke2 Ke5 40. Bc8 Kd4 41. Nd2 Bxd2 42. Kxd2 Kxc4 43. Kc2 Kb4 44. Bf5 b5 45. Bg6 Na4 46. Bf5 c5 47. Bg6 c4 48. Bf5 Nc5 49. Bc8 a5 50. Bf5 a4 51. Bg6 Ne6 52. Be8 Nd4+ 53. Kb1 c3 54.
Kc1 Ka3 55. Bf7 b4 56. Bg8 b3 57. axb3 axb3 58. Bh7 c2 59. Kd2 Kb2 60. Kd3 0-1

[Event "*** Titled Tuesday Blitz"]
[Site "Chess.com"]
[Date "2020.02.04"]
[Round "8"]
[White "inegrepus"]
[Black "saraswathii"]
[Result "1-0"]
[WhiteElo "2252"]
[BlackElo "2157"]
[TimeControl "180+2"]
[EndTime "10:57:08 PST"]
[Termination "inegrepus won by resignation"]

1. d4 Nf6 2. c4 d5 3. cxd5 Qxd5 4. Nc3 Qa5 5. Bd2 Bg4 6. h3 Bh5 7. g4 Bg6 8. Bg2 c6 9. Nf3 Nbd7 10. Nh4 O-O-O 11. d5 c5 12. a4 a6 13. b4 cxb4 14.
Na2 Nxd5 15. Rc1+ Nc5 16. Nxg6 hxg6 17. Qc2 e6 18. e4 Nc3 19. Nxc3 Nd3+ 20. Kf1 bxc3 21.
Bxc3 Qc7 22. Ba5 Qxc2 23. Rxc2+ Nc5 24. Bxd8 Kxd8 25. e5 Be7 26. Ke2 b6 27. Rd1+ Kc7 28. a5 bxa5 29. Rdc1 Kb6 30. Rb1+ Ka7 31. Rxc5 Bxc5 32.
Rb7+ Ka8 33. Rc7+ Kb8 34. Rxc5 Rc8 35. Rxc8+ Kxc8 36. Kd3 Kc7 37. Kc4 Kb6 38. f4 a4 39.
Be4 a3 40. Bb1 Ka5 41. Ba2 Ka4 42. h4 1-0

[Event "*** Titled Tuesday Blitz"]
[Site "Chess.com"]
[Date "2020.02.04"]
[Round "8"]
[White "korbul"]
[Black "Nikolakis2014"]
[Result "0-1"]
[WhiteElo "2597"]
[BlackElo "2725"]
[TimeControl "180+2"]
[EndTime "10:57:20 PST"]
[Termination "Nikolakis2014 won by resignation"]

1. d4 Nf6 2. Nf3 e6 3. c4 c5 4.
d5 d6 5. Nc3 exd5 6. cxd5 g6 7.
e4 Bg7 8. Be2 O-O 9. O-O Re8 10.
Nd2 Nbd7 11. f3 Nh5 12. Nc4 Ne5 13. Be3 Nxc4 14. Bxc4 a6 15. a4 f5 16. Qd2 Bd7 17.
Bg5 Bf6 18. Bxf6 Nxf6 19. exf5 Bxf5 20. Rae1 Qc7 21. Qg5 Qg7 22. g4 Bd7 23. a5 Kh8 24.
h4 Rf8 25. Kg2 Rf7 26. Re2 Raf8 27. Qd2 Nxg4 28. Ne4 Qe5 29. Ng3 Qf6 30. fxg4 Qxh4 31. Rxf7 Rxf7 32. Re6 Qxg4 33. Qe2 Bxe6 34. dxe6 Qxe2+ 35. Nxe2 Re7 36. Kf3 Kg7 37. Nc3 h5 38. Ke4 h4 39. Kd5 g5 40. Kxd6 Re8 41. Kd7 Rh8 42. e7 g4 43. Ne2 Kf6 44. Bd5 Rh7 45. Bxb7 Rxe7+ 46. Kc8 Rxe2 47. Bxa6 Rxb2 48. Bb7 Ra2 49. a6 h3 50. Kc7 g3 51. Kb6 g2 0-1

[Event "*** Titled Tuesday Blitz"]
[Site "Chess.com"]
[Date "2020.02.04"]
[Round "8"]
[White "SabinaFoisor"]
[Black "Lubov_Gordyk"]
[Result "1-0"]
[WhiteElo "2434"]
[BlackElo "2625"]
[TimeControl "180+2"]
[EndTime "10:57:32 PST"]
[Termination "SabinaFoisor won by checkmate"]

1. d4 c5 2. d5 f5 3. e4 fxe4 4. Nc3 Nf6 5. Bg5 Qb6 6. Rb1 d6 7. Bxf6 exf6 8. Nxe4 Be7 9. Qh5+ g6 10. Qh6 Qb4+ 11. Nc3 Kf7 12. Bd3 Qg4 13. Nge2 f5 14.
h4 Bf8 15. Qg5 Qxg5 16. hxg5 Nd7 17. f4 a6 18. a4 b6 19. b4 Bg7 20. bxc5 dxc5 21.
Kd2 Ke7 22. Nd1 Bb7 23. Ne3 Rab8 24. c4 h6 25. gxh6 Bxh6 26. g3 Bg7 27. g4 fxg4 28.
Nxg4 Nf6 29. Ne5 Rxh1 30. Rxh1 Rd8 31. Nxg6+ Kd6 32. Ne5 b5 33. axb5 axb5 34. Nc3 bxc4 35. Nxc4+ Kc7 36. d6+ Kb8 37. Rg1 Ne8 38. Ne4 Bd4 39.
Rg6 Bxe4 40. Bxe4 Kc8 41. Nb6+ Kb8 42. Nc4 Kc8 43. Bc6 Nf6 44. Nb6+ Kb8 45. Kd3 Ka7 46. Nc4 Kb8 47. Rg7 Nd5 48. Rb7+ Kc8 49. Bxd5 Rg8 50. Nb6+ Kd8 51. Rb8# 1-0

[Event "*** Titled Tuesday Blitz"]
[Site "Chess.com"]
[Date "2020.02.04"]
[Round "8"]
[White "secretsuperstar7"]
[Black "marabu44"]
[Result "1/2-1/2"]
[WhiteElo "2240"]
[BlackElo "2280"]
[TimeControl "180+2"]
[EndTime "10:57:35 PST"]
[Termination "Game drawn by repetition"]

1. d4 d5 2. c4 e6 3. Nf3 c6 4. e3 f5 5. Nc3 Nf6 6. Bd3 Bd6 7. O-O Ne4 8. Ne1 O-O 9. f3 Bxh2+ 10.
Kxh2 Qh4+ 11. Kg1 Ng3 12. Nc2 Rf6 13. Qe1 Rg6 14. e4 dxe4 15. fxe4 fxe4 16. Bxe4 Qh1+ 17. Kf2 Nxf1 18. Qxf1 Qh4+ 19. Kg1 Rf6 20. Bf3 Nd7 21. Qf2 Qxf2+ 22. Kxf2 e5 23. Ne4 Rf8 24. d5 Nf6 25. Kg3 Bd7 26. Bg5 Nxe4+ 27. Bxe4 Rae8 28. Rh1 h6 29. Be3 Bf5 30. Bxf5 Rxf5 31. Nb4 a5 32. Nd3 cxd5 33.
cxd5 Rd8 34. Kg4 Rf6 35. Nxe5 Rxd5 36. Nf3 Rg6+ 37. Kh3 Rh5+ 38. Nh4 Re6 39. Bf2 g5 40. g4 Rxh4+ 41. Bxh4 gxh4 42. Kxh4 Re2 43. Rc1 Rh2+ 44.
Kg3 Rxb2 45. Rc7 a4 46. Kf4 Rb5 47. Rc4 Ra5 48. a3 Kf7 49. Rb4 Ra7 50. Kf5 Ra5+ 51. Kf4 Ra7 52. Kf5 Ra5+ 53. Kf4 1/2-1/2

[Event "*** Titled Tuesday Blitz"]
[Site "Chess.com"]
[Date "2020.02.04"]
[Round "8"]
[White "Tjktiger"]
[Black "rasmussvane"]
[Result "0-1"]
[WhiteElo "2782"]
[BlackElo "2861"]
[TimeControl "180+2"]
[EndTime "10:57:38 PST"]
[Termination "rasmussvane won by checkmate"]

1. c4 e6 2. Nc3 d5 3. d4 a6 4.
cxd5 exd5 5. Nf3 Nf6 6. Bg5 Be6 7. e3 Nbd7 8. Bd3 Bd6 9. Qb3 b5 10. Qc2 c5 11. dxc5 Bxc5 12. O-O h6 13. Bh4 O-O 14. Rac1 Rc8 15. Qb1 Qb6 16. a3 Rfe8 17. Ne2 Ne4 18.
Ned4 Bxd4 19. Rxc8 Rxc8 20. exd4 Ndf6 21. Rc1 Rxc1+ 22. Qxc1 Bg4 23. Qe3 Bxf3 24. gxf3 Ng5 25. Kg2 Kf8 26. Bg3 Ne6 27. Be5 Nd7 28. Bf5 Nxe5 29. Qxe5 Qxd4 30. Qb8+ Ke7 31. Qb7+ Kf6 32. Bxe6 fxe6 33. Qxa6 Qxb2 34. Qb6 Kf5 35. Qc7 Qf6 36. Qc2+ Kg5 37. Qd2+ Kh5 38. Qb4 Qg6+ 39. Kh3 Qf5+ 40. Kg3 Qg5+ 41. Kh3 Qf5+ 42. Kg3 Qe5+ 43. Kh3 d4 44. f4 Qf5+ 45. Kg3 Qg4# 0-1

[Event "*** Titled Tuesday Blitz"]
[Site "Chess.com"]
[Date "2020.02.04"]
[Round "8"]
[White "Kimster98"]
[Black "wonderfultime"]
[Result "0-1"]
[WhiteElo "2702"]
[BlackElo "2958"]
[TimeControl "180+2"]
[EndTime "10:57:43 PST"]
[Termination "wonderfultime won by resignation"]

1. Nf3 d5 2. d4 Nf6 3. c4 c6 4.
Nc3 a6 5. c5 Nbd7 6. Bf4 Nh5 7.
Bd2 g6 8. e4 dxe4 9. Nxe4 Bg7 10.
Bc4 O-O 11. O-O Nhf6 12. Nc3 b5 13. cxb6 Nxb6 14. Bb3 a5 15. Rc1 e6 16. Na4 Bb7 17.
Nc5 Bc8 18. Bf4 Nbd5 19. Bg3 Ba6 20. Re1 Bh6 21. Rb1 Nh5 22. Ne5 Nxg3 23. hxg3 Qc7 24.
Qf3 Bb5 25. Ng4 Bg7 26. Bxd5 cxd5 27. Rbc1 Qd6 28. Ne5 Ra7 29. Qf4 Rd8 30. Nf3 Qb6 31. Ne5 Be8 32. b3 Re7 33. Nf3 h6 34. Qd2 Rc7 35. Ne5 Rdc8 36. f4 Bf8 37. Ned3 Bb5 38. Qf2 a4 39. b4 Bxd3 40. Nxd3 Rxc1 41. Rxc1 Rxc1+ 42. Nxc1 Qxb4 43. Ne2 Qb1+ 44. Kh2 Qxa2 45. f5 exf5 46. Qe3 Qa3 47. Qe5 Qe7 48. Qxe7 Bxe7 49. Nc3 a3 50. Nxd5 a2 51. Nxe7+ Kf8 0-1

[Event "*** Titled Tuesday Blitz"]
[Site "Chess.com"]
[Date "2020.02.04"]
[Round "8"]
[White "GMMatamoros"]
[Black "messiboca"]
[Result "1-0"]
[WhiteElo "2443"]
[BlackElo "2529"]
[TimeControl "180+2"]
[EndTime "10:57:43 PST"]
[Termination "GMMatamoros won by resignation"]

1. Nf3 d5 2. g3 Nf6 3. Bg2 c6 4. c4 Bf5 5. Qb3 Qb6 6. d4 e6 7. Nc3 h6 8. c5 Qc7 9. Bf4 Qc8 10.
O-O Be7 11. Nd2 Nbd7 12. e4 dxe4 13. Ndxe4 Nxe4 14. Nxe4 Bxe4 15. Bxe4 O-O 16. Rad1 Rd8 17. h4 Nf6 18. Bb1 Rd5 19. a3 Qd7 20. Be5 Rd8 21.
Bc2 Kf8 22. Qf3 b6 23. b4 Qb7 24. Bb3 R5d7 25. Rfe1 a5 26. Ba4 Rd5 27. Bb3 R5d7 28. g4 axb4 29. g5 hxg5 30. hxg5 Nd5 31. Qh5 Ke8 32. Bxg7 Rc7 33. Rxe6 Kd7 34. Qxf7 Kc8 35. Bxd5 Rxd5 36. Be5 Rcd7 37. Qe8+ Bd8 38. axb4 bxc5 39. bxc5 Qb3 40. Rf1 Kb7 41. Qg6 Bc7 42. Rb1 Qxb1+ 43. Qxb1+ Kc8 44. Re8+ Rd8 45. Rxd8+ Kxd8 46. Qf5 Bxe5 47.
dxe5 1-0

[Event "*** Titled Tuesday Blitz"]
[Site "Chess.com"]
[Date "2020.02.04"]
[Round "8"]
[White "Evgeny81"]
[Black "TrimitziosP7"]
[Result "1-0"]
[WhiteElo "2733"]
[BlackElo "2785"]
[TimeControl "180+2"]
[EndTime "10:57:47 PST"]
[Termination "Evgeny81 won by resignation"]

1. d4 d5 2. c4 e6 3. Nf3 Nf6 4. Nc3 Be7 5. Bg5 O-O 6. e3 Nbd7 7.
cxd5 exd5 8. Bd3 c6 9. Qc2 Re8 10. O-O h6 11. Bh4 Nf8 12. Rab1 Ne4 13. Bxe7 Qxe7 14.
b4 a6 15. a4 Bf5 16. Ne5 f6 17. Bxe4 dxe4 18. Nc4 Rad8 19. b5 axb5 20. axb5 c5 21.
d5 Ng6 22. Rfd1 Nh4 23. Ne2 Qf7 24. Ng3 Qg6 25. d6 Bg4 26. Rd5 h5 27. Rxc5 Nxg2 28. Kxg2 h4 29. h3 Bf3+ 30. Kh2 hxg3+ 31. fxg3 Rd7 32.
Rc7 Red8 33. b6 Qg5 34. Qb3 Kh7 35. Qb5 Qg6 36. Rxd7 Ra8 37. Qb3 Qf5 38. Rxb7 Qd5 39. Ra7 Rc8 40. Ra5 Qe6 41. b7 Rxc4 42. b8=Q Be2 43.
Rh5+ Kg6 44. Qh8 Bd3 45. Qh7+ Kf7 46. Qb7+ Ke8 47. Qh8+ 1-0

[Event "*** Titled Tuesday Blitz"]
[Site "Chess.com"]
[Date "2020.02.04"]
[Round "8"]
[White "doons21"]
[Black "2nd_life"]
[Result "0-1"]
[WhiteElo "2641"]
[BlackElo "2470"]
[TimeControl "180+2"]
[EndTime "10:57:48 PST"]
[Termination "2nd_life won on time"]

1. e4 d5 2. exd5 Qxd5 3. Nc3 Qd6 4. Bc4 Nf6 5. d3 a6 6. Qf3 Nc6 7. Qg3 Qxg3 8. hxg3 Nd4 9. Bb3 Nxb3 10. axb3 Bd7 11. Nf3 e6 12. Ne5 Bd6 13. Bf4 Nd5 14. Nxd5 exd5 15.
Nxd7 Kxd7 16. Kd2 Bxf4+ 17. gxf4 Rae8 18. Rh5 Kd6 19. Rah1 h6 20. g4 Re7 21. Re1 Rxe1 22. Kxe1 g6 23. Rh3 d4 24. Kf1 h5 25. Kg2 c5 26. Kg3 Ke6 27. f5+ Kf6 28. fxg6 fxg6 29.
gxh5 Rxh5 30. Rh4 Re5 31. Rh7 Re2 32. Rxb7 Rxc2 33. Rb6+ Kf5 34. Rxa6 Rd2 35. Ra5 Rxd3+ 36. f3 Rxb3 37. Rxc5+ Ke6 38. Rg5 Rxb2 39. Rxg6+ Kd5 40.
Rg8 d3 41. Rd8+ Kc4 42. f4 Rb3 43. Kf3 Kc3 44. Ke3 Kc2 45. f5 Rb7 0-1

[Event "*** Titled Tuesday Blitz"]
[Site "Chess.com"]
[Date "2020.02.04"]
[Round "8"]
[White "Kira170"]
[Black "Hanging_pointer"]
[Result "0-1"]
[WhiteElo "2492"]
[BlackElo "2429"]
[TimeControl "180+2"]
[EndTime "10:57:52 PST"]
[Termination "Hanging_pointer won by resignation"]

1. e4 c6 2. d4 d5 3. e5 Bf5 4. h4 h5 5. c4 e6 6. Nc3 Ne7 7. Bg5 Qb6 8. Qd2 dxc4 9. Bxc4 Nd5 10. Nge2 Nd7 11. Ng3 Bg6 12. O-O Be7 13. Nce4 Bxg5 14. Nd6+ Kf8 15. hxg5 h4 16. Bxd5 hxg3 17. Bxe6 fxe6 18.
fxg3+ Kg8 19. Rf4 Nxe5 20. Qe2 Qd8 21. Qxe5 Qe7 22. Re1 Rh5 23. Qxe6+ Qxe6 24. Rxe6 Rxg5 25. Kf2 Rd8 26. b3 Rd7 27. g4 Rd5 28. Rxg6 R7xd6 29. Rxd6 Rxd6 30. Ke3 Re6+ 31. Re4 Kf7 32. Rxe6 Kxe6 33. Ke4 a5 34. a4 g5 35. Ke3 Kd6 36. Kd2 Kd5 37.
Kd3 b6 38. Ke3 c5 39. dxc5 Kxc5 40. Ke4 Kb4 41. Kf5 Kxb3 42. Kxg5 Kxa4 43. Kf4 b5 44. g5 b4 45. g6 b3 46. g7 b2 47. g8=Q b1=Q 48.
Qe8+ Qb5 49. Qe4+ Kb3 50. g4 a4 51. g5 a3 52. g6 a2 53. g7 Qb8+ 54. Kf5 a1=Q 55.
Qd5+ Kc2 56. g8=Q Qf1+ 57. Kg6 Qg3+ 58. Kh6 Qfh3+ 0-1